 Dungeon Crawl Stone Soup version 0.30.1-11-g7821555f0a (webtiles) character file.

Game seed: 136178361566879427

1087 Sakumbe the Covered (level 8, -7/67 HPs)
             Began as a Minotaur Fighter on Dec 20, 2023.
             Was a Believer of Okawaru.
             Mangled by Menkaure (13 damage)
             ... on level 5 of the Dungeon.
             The game lasted 00:10:29 (4081 turns).

Sakumbe the Covered (Minotaur Fighter)              Turns: 4081, Time: 00:10:30

Health: -7/67      AC:  9    Str: 22    XL:     8   Next: 9%
Magic:  8/8        EV: 11    Int: 12    God:    Okawaru [**....]
Gold:   216        SH:  5    Dex: 15    Spells: 9/9 levels left

rFire   + + +        B - +8 dagger of the Head {elec, Stlth+}
rCold   . . .        c - +0 buckler
rNeg    . . .        b - +0 scale mail
rPois   .            (helmet restricted)
rElec   .            o - scarf {rC+ rF+}
rCorr   .            i - +1 pair of gloves of the Minstrel {rF++}
SInv    .            (no boots)
Will    .....        m - amulet of the acrobat
Stlth   ++           q - +6 ring of dexterity
HPRegen 0.31/turn    y - ring "Hefiolab" {Fire Int+5}
MPRegen 0.11/turn

%: acrobat
@: mighty
A: horns 2, retaliatory headbutt
a: Renounce Religion, Heroism


You were on level 5 of the Dungeon.
You worshipped Okawaru.
Okawaru was pleased with you.
You visited 1 branch of the dungeon, and saw 5 of its levels.

You collected 216 gold pieces.

Inventory:

Hand Weapons
 a - a +2 war axe
 B - the +8 dagger of the Head (weapon) {elec, Stlth+}
   (You found it on level 5 of the Dungeon)

   Stlth:     It makes you more stealthy.
Missiles
 s - 6 boomerangs (quivered)
Armour
 b - a +0 scale mail (worn)
 c - a +0 buckler (worn)
 i - the +1 pair of gloves of the Minstrel (worn) {rF++}
   (You acquired it on level 1 of the Dungeon)

   rF:        It greatly protects you from fire.
 o - a scarf of resistance (worn)
Jewellery
 m - an amulet of the acrobat (around neck)
 q - a +6 ring of dexterity (left hand)
 y - the ring "Hefiolab" (right hand) {Fire Int+5}
   (You acquired it on level 4 of the Dungeon)

   [ring of fire]

   It enhances your fire magic.
   Int:       It affects your intelligence (+5).
   rF:        It protects you from fire.
   rC:        It makes you vulnerable to cold.
 A - a +6 ring of dexterity
 C - a ring of ice
Wands
 z - a wand of mindburst (8)
Scrolls
 l - 2 scrolls of teleportation {unknown}
 n - 2 scrolls of fog
 t - 2 scrolls of silence {unknown}
 u - a scroll of amnesia {unknown}
 x - 2 scrolls of poison {unknown}
Potions
 d - a potion of might
 e - a potion of heal wounds {unknown}
 f - 3 potions of lignification {unknown}
 g - a potion of mutation {unknown}
 h - 4 potions of curing
 j - 2 potions of degeneration {unknown}
 k - a potion of cancellation {unknown}
 r - a potion of ambrosia {unknown}
 v - 3 potions of haste {unknown}
 w - a potion of berserk rage {unknown}


   Skills:
 * Level 4.7 Fighting
 * Level 1.4 Short Blades
 * Level 5.9 Axes
 * Level 2.3 Throwing
 * Level 6.1 Armour
 * Level 2.9 Dodging
 * Level 2.1 Stealth
 * Level 5.0 Shields
 * Level 1.1 Spellcasting
 * Level 1.7 Invocations
 * Level 1.0 Evocations


You had 9 spell levels left.
You didn't know any spells.
Your spell library contained the following spells:

 Spells                   Type           Power      Damage    Failure   Level
 Cigotuvi's Dreadful Rot  Necr/Pois/Air  0%         N/A       78%         2
 Ignite Poison            Fire/Tmut/Pois 1%         N/A       95%         3
 Freezing Cloud           Conj/Ice/Air   0%         6-21      100%        5


Dungeon Overview and Level Annotations

Branches:
Dungeon (5/15)             Temple (0/1) D:4

Altars:
Cheibriados
Okawaru

Annotations:
D:5 Menkaure


Innate Abilities, Weirdness & Mutations

You have a pair of horns on your head.
You reflexively headbutt those who attack you in melee.


Message History

Aim: Menkaure (lightly damaged, 76% to hit)
You throw a boomerang.
The boomerang hits Menkaure but does no damage.
Menkaure is lightly damaged.
Menkaure calls on the powers of darkness!
The adder convulses!
Your body is wracked with pain!
Aiming: Mindburst
Press: ? - help, Shift-Dir - straight line, f/p - Menkaure
Aim: Menkaure (lightly damaged, chance to affect: 69%) Menkaure struggles to resist.
The adder bites you but does no damage.
Unknown command.
Aiming: Mindburst
Press: ? - help, Shift-Dir - straight line, f - adder, p - Menkaure
Aim: an adder (heavily wounded, chance to affect: 76%)
The adder's mind is blasted!
You blow up the adder!
Okawaru accepts your kill. Menkaure closely misses you.
Menkaure hits you but does no damage.
You hit Menkaure but do no damage.
Menkaure is lightly damaged.
Menkaure calls on the powers of darkness!
Your body is wracked with pain!
* * * LOW HITPOINT WARNING * * *
Unknown command.
You feel better.
Menkaure calls on the powers of darkness!
Your body is wracked with pain!
* * * LOW HITPOINT WARNING * * *
You feel better. Menkaure hits you.
* * * LOW HITPOINT WARNING * * *
You feel very mighty all of a sudden.
You puncture Menkaure! You headbutt Menkaure.
Menkaure is severely damaged.
Menkaure hits you!
* * * LOW HITPOINT WARNING * * *
You hit Menkaure.
Menkaure is severely damaged.
Menkaure hits you!
You die...

#.#........#.####...
#.#.#......#........
#.#.#......#........
#.#.#......#........
#.#......#.#........
###..#.#.#.####...
#......#.#........ #
#.#..###.#........
#.#@....... ........
#...M...### ........
#..............
........
#.###..........
#...####
.....#......##... #
#.#.#.#....... #
#...#.#......
#####.#...... ..#
.....


You could see Menkaure.

Vanquished Creatures
  Pikel (D:5)
  A black bear (D:3)
  An ogre (D:5)
  2 phantoms
  A scorpion (D:4)
  2 hounds
  An orc priest (D:3)
  A jelly (D:5)
  6 adders
  A shadow imp (D:4)
  2 worms (D:2)
  A dart slug (D:5)
  8 orcs
  5 ball pythons
  7 endoplasms
  6 giant cockroaches
  3 goblins
  6 hobgoblins
  2 quokkas
  3 bats
  2 frilled lizards (D:1)
  4 kobolds
66 creatures vanquished.

Notes
Turn   | Place    | Note
-------+----------+-------------------------------------------
     0 | D:1      | Sakumbe the Minotaur Fighter began the quest for the Orb.
     0 | D:1      | Reached XP level 1. HP: 19/19 MP: 0/0
   119 | D:1      | Identified a scroll of acquirement
   119 | D:1      | Acquired the +1 pair of gloves of the Minstrel {rF++}
   277 | D:1      | Reached XP level 2. HP: 26/27 MP: 1/1
   617 | D:2      | Reached skill level 1 in Dodging
   835 | D:2      | Reached XP level 3. HP: 33/33 MP: 2/2
  1035 | D:3      | Found an iron altar of Okawaru.
  1044 | D:3      | Became a worshipper of Warmaster Okawaru
  1117 | D:3      | Reached skill level 4 in Armour
  1120 | D:3      | Reached XP level 4. HP: 9/40 MP: 3/3
  1329 | D:3      | Noticed a black bear
  1340 | D:3      | Killed a black bear
  1340 | D:3      | Reached * piety under Okawaru
  1341 | D:3      | Reached skill level 1 in Throwing
  1341 | D:3      | Reached skill level 1 in Stealth
  1341 | D:3      | Reached XP level 5. HP: 16/46 MP: 4/4
  1664 | D:2      | Found a snail-covered altar of Cheibriados.
  2315 | D:1      | Found a faded altar of an unknown god.
  2579 | D:4      | Reached XP level 6. HP: 43/52 MP: 5/5
  2774 | D:4      | Acquired the ring "Hefiolab" {Fire Int+5}
  2819 | D:4      | Reached skill level 5 in Armour
  2988 | D:4      | Found a staircase to the Ecumenical Temple.
  3583 | D:5      | Entered Level 5 of the Dungeon
  3609 | D:5      | Reached skill level 5 in Axes
  3648 | D:5      | Identified the +8 dagger of the Head {elec, Stlth+}
  3678 | D:5      | Noticed Pikel
  3688 | D:5      | Killed Pikel
  3688 | D:5      | Reached ** piety under Okawaru
  3689 | D:5      | Reached skill level 1 in Short Blades
  3689 | D:5      | Reached skill level 6 in Armour
  3689 | D:5      | Reached skill level 1 in Spellcasting
  3689 | D:5      | Reached skill level 1 in Invocations
  3689 | D:5      | Reached XP level 7. HP: 40/60 MP: 5/7
  3771 | D:5      | Reached skill level 1 in Evocations
  3771 | D:5      | Reached XP level 8. HP: 48/67 MP: 8/8
  4012 | D:5      | Reached skill level 5 in Shields
  4065 | D:5      | Noticed Menkaure
  4081 | D:5      | Mangled by Menkaure

Illustrated notes

Levels and vault maps discovered:
D:1:      scummos_arrival_gate, layout_loops_ring,
          dreamdust_ecumenical_altar_hidden_monk_grotto, minmay_tetromino_i2
D:2:      layout_loops_ring, basic_altar, minmay_pentomino_pile
D:3:      layout_rooms, okawaru_metal_pillars_1_2
D:4:      layout_layer_cave, minmay_temple_entry_wispy, corexii_corridor_pit
D:5:      layout_basic, grunt_tough_drop, uniq_pikel, uniq_menkaure

Skill      XL: |  1  2  3  4  5  6  7  8 |
---------------+-------------------------+-----
Shields        | 4 5 |  5.0
Dodging        | 1 2 |  2.9
Axes           | 3 4 5 |  5.9
Armour         | 4 6 |  6.1
Fighting       | 4 |  4.7
Throwing       | 1 2 |  2.3
Stealth        | 1 2 |  2.1
Short Blades   | 1 |  1.4
Spellcasting   | 1 |  1.1
Invocations    | 1 |  1.7
Evocations     | 1 |  1.0

Action                     |  1- 3 |  4- 6 |  7- 9 || total
---------------------------+-------+-------+-------++-------
  Melee: War axe           |    81 |    57 |       ||   138
         Headbutt          |    11 |    10 |     2 ||    23
         Dagger            |       |     9 |    11 ||    20
  Throw: Throwing net      |       |     2 |       ||     2
         Boomerang         |       |       |     4 ||     4
  Evoke: Wand              |       |       |     2 ||     2
    Use: Scroll            |     2 |     8 |       ||    10
         Potion            |       |     2 |     3 ||     5
   Stab: Held in net/web   |       |     1 |       ||     1
         Sleeping          |       |       |     3 ||     3
 Armour: Scale mail        |    40 |    31 |     2 ||    73
  Dodge: Dodged            |    43 |    48 |     7 ||    98
  Block: Buckler           |    32 |    21 |       ||    53
